 Dungeon Crawl Stone Soup version 0.26-a0-466-g989023bd0d (webtiles) character file.

Game seed: 308137187134542438

30 Inarius the Skirmisher (level 3, 0/24 HPs)
             Began as a Kobold Wanderer on Aug 14, 2020.
             Slain by a leopard gecko (5 damage)
             ... on level 2 of the Dungeon.
             The game lasted 00:01:18 (1632 turns).

Inarius the Skirmisher (Kobold Wanderer)            Turns: 1632, Time: 00:01:18

Health: 0/24       AC:  5    Str: 12    XL:     3   Next: 35%
Magic:  3/3        EV: 14    Int: 10    God:
Gold:   65         SH:  0    Dex: 15    Spells: 2/2 levels left

rFire    . . .     SeeInvis .   a - +2 dagger
rCold    . . .     Faith    .   (shield restricted)
rNeg     . . .     Spirit   .   e - +0 robe
rPois    .         Reflect  .   m - +2 helmet
rElec    .         Harm     .   (no cloak)
rCorr    .                      (no gloves)
MR       .....                  (no boots)
Stlth    +++.......             (no amulet)
HPRegen  0.08/turn              (no ring)
MPRegen  0.08/turn              (no ring)

@: no status effects
A: small, nightstalker 3
a: no special abilities


You were on level 2 of the Dungeon.
You visited 1 branch of the dungeon, and saw 2 of its levels.

You collected 65 gold pieces.

Inventory:

Hand Weapons
 a - a +2 dagger (weapon)
 c - a +0 quarterstaff
Missiles
 b - a curare-tipped dart (quivered)
Armour
 e - a +0 robe (worn)
 m - a +2 helmet (worn)
Scrolls
 f - a scroll of magic mapping {unknown}
 g - a scroll of enchant armour {unknown}
 h - 2 scrolls of identify {unknown}
 j - 2 scrolls of teleportation {unknown}
 l - 2 scrolls of random uselessness {unknown}
 n - a scroll of blinking {unknown}
 o - a scroll of remove curse {unknown}
Potions
 d - a potion of lignification
 i - a potion of degeneration {unknown}
 k - a potion of mutation {unknown}
 p - a potion of brilliance {unknown}
 q - a potion of heal wounds {unknown}


   Skills:
 + Level 4.1 Fighting
 * Level 1.7 Short Blades
 - Level 1.7 Staves
   Level 1.0 Bows
 - Level 1.1 Throwing
 + Level 1.5 Dodging
 + Level 1.7 Stealth
   Level 1.2 Evocations


You had 2 spell levels left.
You didn't know any spells.
Your spell library was empty.

Dungeon Overview and Level Annotations

Branches:
Dungeon (2/15)

Altars:


Innate Abilities, Weirdness & Mutations

You are small and have problems with some larger weapons.
You are completely attuned to the shadows.


Message History

The gnoll hits you from afar with a +0 halberd!
Ouch! That really hurt!
* * * LOW HITPOINT WARNING * * *
The leopard gecko closely misses you.
You are too injured to fight recklessly!
You are too injured to fight recklessly!
You are too injured to fight recklessly!
You are too injured to fight recklessly!
You are too injured to fight recklessly!
You are too injured to fight recklessly!
You are too injured to fight recklessly!
You are too injured to fight recklessly!
You are too injured to fight recklessly!
You are too injured to fight recklessly!
There is an open door here.
You hit the frilled lizard.
You kill the frilled lizard!
The leopard gecko closely misses you. The leopard gecko bites you.
You die...

###.#.)...#.#######
.............^...#
###....(†...#.....#
.....#..#...#..###
####.#......#..#####
.....#.............#
.....#....#.#......###
............#....)...#
...... #.#.@....##
.....l.)..#
#.........# .#
.......g..##.#..
#......#..#......
......#.........#
###....#.......##
......###..[......
##..##!##.........


You could see a leopard gecko and a hobgoblin.

Vanquished Creatures
  2 leopard geckos (D:1)
  4 hobgoblins
  4 jackals (D:1)
  A bat (D:2)
  2 frilled lizards (D:2)
  5 goblins
  5 kobolds
  2 rats
25 creatures vanquished.

Notes
Turn   | Place    | Note
-------+----------+-------------------------------------------
     0 | D:1      | Inarius the Kobold Wanderer began the quest for the Orb.
     0 | D:1      | Inarius set off with the following items: a +2 dagger, a
                  | curare-tipped dart, a +0 quarterstaff, a potion of
                  | lignification, a +0 robe
     0 | D:1      | Reached XP level 1. HP: 14/14 MP: 1/1
   713 | D:1      | Reached skill level 1 in Short Blades
   713 | D:1      | Reached XP level 2. HP: 20/20 MP: 2/2
  1088 | D:1      | Reached skill level 4 in Fighting
  1482 | D:2      | Reached XP level 3. HP: 24/24 MP: 3/3
  1632 | D:2      | Slain by a leopard gecko

Illustrated notes

Levels and vault maps discovered:
D:1:      lightli_arrival_lavapool, layout_basic
D:2:      layout_basic, led_sif_pool, chequers_ecumenical_altar_simple_redux,
          minmay_fractal_squares_gapless_5

Skill      XL: |  1  2 |
---------------+-------+-----
Short Blades   | 1 |  1.7
Fighting       | 4 |  4.1
Staves         | |  1.7
Bows           | |  1.0
Throwing       | |  1.1
Dodging        | |  1.5
Stealth        | |  1.7
Evocations     | |  1.2

Action                   || total
-------------------------++-------
Melee: Dagger            ||    96
 Stab: Sleeping          ||     3
Armor: Robe              ||    26
Dodge: Dodged            ||    85

Table legend: (Time is in decaauts)
 A = Elapsed time spent in this place.
 B = Non-inter-level travel time spent in this place.
 C = Inter-level travel time spent in this place.
 D = Time resting spent in this place.
 E = Time spent auto-exploring this place.
 F = Levels seen in this place.
 G = Mean time per level.
                   A        B        C        D        E       F      G
               +--------+--------+--------+--------+--------+-----+--------+
         Total |   1627 |   1591 |     36 |    511 |    871 |   2 |  813.5 |
       Dungeon |   1627 |   1591 |     36 |    511 |    871 |   2 |  813.5 |
               +--------+--------+--------+--------+--------+-----+--------+

Top non-repeatable levels by time:
     D:1: 1473 daAuts
     D:2: 154 daAuts
